 Dungeon Crawl Stone Soup version 0.30-a0-371-gad7725a93e (webtiles) character file.

Game seed: 5802520889304894923

179984 HoaS the Markskobold (level 18, -1/129 HPs)
             Began as a Kobold Hunter on Nov 20, 2022.
             Was the Champion of Okawaru.
             Succumbed to poison
             ... on level 4 of the Swamp.
             The game lasted 01:01:18 (25663 turns).

HoaS the Markskobold (Kobold Hunter)               Turns: 25663, Time: 01:01:19

Health: -1/129     AC: 27    Str: 10    XL:     18   Next: 94%
Magic:  25/25      EV: 46    Int: 12    God:    Okawaru [******]
Gold:   2612       SH:  0    Dex: 38    Spells: 17/17 levels left

rFire   . . .      SeeInvis .    y - +1 arbalest (drain)
rCold   + + +      Faith    .    (shield currently unavailable)
rNeg    + . .      Spirit   .    K - +3 ring mail "Sahemipt" {rC+ Regen+ Dex+4}
rPois   +          Reflect  .    a - +2 hat {Will+}
rElec   .          Harm     .    N - +4 cloak of Insatiable Hunger {rC+ Stlth+}
rCorr   .          Rampage  .    C - +2 pair of gloves
Will    +....                    (no boots)
Stlth   +++.......               O - amulet "Oclal" {Acrobat rC+ Dex+4}
HPRegen 1.21/turn                R - ring of poison resistance
MPRegen 0.19/turn                o - ring "Asuissu" {rN+ Will- AC+4 Str+2 Dex+5}

@: lethally poisoned (-1 -> -4), about to teleport, heroic, very slow
A: small, no large weapons, nightstalker 3, MP-powered wands
a: Renounce Religion, Heroism, Finesse, Duel


You were on level 4 of the Swamp.
You worshipped Okawaru.
Okawaru was exalted by your worship.
You visited 5 branches of the dungeon, and saw 27 of its levels.
You visited 1 bazaar.
You also visited: Sewer, Bailey and Ice Cave.

You collected 3373 gold pieces.
You spent 761 gold pieces at shops.

Inventory:

Hand Weapons
 y - a +1 arbalest of draining (weapon)
Missiles
 f - 3 throwing nets
Armour
 a - a +2 hat of willpower (worn)
 C - a +2 pair of gloves (worn)
 K - the +3 ring mail "Sahemipt" (worn) {rC+ Regen+ Dex+4}
   (Okawaru gifted it to you on level 13 of the Dungeon)

   Dex:       It affects your dexterity (+4).
   rC:        It protects you from cold.
   Regen:     It increases your rate of health regeneration.
 N - the +4 cloak of Insatiable Hunger (worn) {rC+ Stlth+}
   (Okawaru gifted it to you on level 5 of the Lair of Beasts)

   rC:        It protects you from cold.
   Stlth:     It makes you more stealthy.
Jewellery
 d - a ring of ice
 g - a ring of willpower
 o - the ring "Asuissu" (right hand) {rN+ Will- AC+4 Str+2 Dex+5}
   (You found it on level 4 of the Dungeon)

   [ring of protection]

   AC:        It affects your AC (+4).
   Str:       It affects your strength (+2).
   Dex:       It affects your dexterity (+5).
   rN:        It protects you from negative energy.
   Will:      It decreases your willpower.
 u - a +6 ring of dexterity
 w - a ring of protection from cold
 D - the ring "Wogot" {rPois rF+ Int+6}
   (You found it on level 9 of the Dungeon)

   [ring of intelligence]

   Int:       It affects your intelligence (+6).
   rF:        It protects you from fire.
   rPois:     It protects you from poison.
 E - a ring of fire
 O - the amulet "Oclal" (around neck) {Acrobat rC+ Dex+4}
   (You bought it in a shop on level 2 of the Orcish Mines)

   [amulet of the acrobat]

   It increases your evasion while moving and waiting.
   Dex:       It affects your dexterity (+4).
   rC:        It protects you from cold.
 R - a ring of poison resistance (left hand)
 S - the ring "Deukko Uliu" {rCorr SInv Stlth+}
   (You found it on level 14 of the Dungeon)

   [ring of resist corrosion]

   SInv:      It lets you see invisible.
   rCorr:     It protects you from acid and corrosion.
   Stlth:     It makes you more stealthy.
Wands
 l - a wand of iceblast (24)
 m - a wand of flame (74)
 t - a wand of paralysis (23)
 B - a wand of acid (20)
 G - a wand of digging (4)
 J - a wand of mindburst (8)
Scrolls
 b - 5 scrolls of immolation
 j - 7 scrolls of blinking
 v - a scroll of fear
 A - a scroll of brand weapon
 H - a scroll of magic mapping
 L - 3 scrolls of teleportation
 P - 5 scrolls of identify
 Q - 2 scrolls of silence
 T - 3 scrolls of enchant armour
Potions
 c - a potion of berserk rage
 e - 18 potions of curing
 h - 4 potions of resistance
 i - 5 potions of flight
 n - 4 potions of cancellation
 p - 7 potions of might
 q - 9 potions of lignification
 r - 4 potions of mutation
 s - 2 potions of attraction
 z - 3 potions of invisibility
 F - 2 potions of ambrosia
 M - 7 potions of haste


   Skills:
 * Level 20.0(25.0) Fighting
 * Level 20.8(25.8) Ranged Weapons
 + Level 12.1(17.1) Armour
 * Level 20.4(25.4) Dodging
 - Level 1.3(6.3) Stealth
 - Level 9.5 Invocations


You had 17 spell levels left.
You didn't know any spells.
Your spell library contained the following spells:

 Spells                   Type           Power      Damage    Failure   Level
 Kiss of Death            Conj/Necr      0%         2d5       52%         1
 Magic Dart               Conj           0%         1d3       52%         1
 Necrotise                Necr           0%         1d4       52%         1
 Sandblast                Erth           0%         2d4       52%         1
 Shock                    Conj/Air       0%         1d3       52%         1
 Slow                     Hex            0%         N/A       52%         1
 Passwall                 Tmut/Erth      0%         N/A       65%         2
 Static Discharge         Conj/Air       0%         2-2/arc   65%         2
 Confusing Touch          Hex            0%         N/A       87%         3
 Dazzling Flash           Conj/Hex       0%         N/A       87%         3
 Hailstorm                Conj/Ice       0%         3d3       87%         3
 Ignite Poison            Fire/Tmut/Pois 0%         N/A       87%         3
 Kindle Blastsparks       Fire/Tloc/Air  0%         2d10      87%         3
 Mephitic Cloud           Conj/Pois/Air  0%         N/A       87%         3
 Portal Projectile        Hex/Tloc       0%         N/A       87%         3
 Stone Arrow              Conj/Erth      0%         3d7       87%         3
 Swiftness                Air            0%         N/A       87%         3
 Vampiric Draining        Necr           0%         2d6       87%         3
 Vhi's Electric Charge    Tloc/Air       0%         N/A       87%         3
 Airstrike                Air            0%         2d(0-16)  99%         4
 Fulminant Prism          Conj/Hex       0%         3d5       99%         4
 Ice Form                 Ice/Tmut       0%         N/A       99%         4
 Iskenderun's Mystic Bla  Conj/Tloc      0%         2d3       99%         4
 Petrify                  Tmut/Erth      0%         N/A       99%         4
 Agony                    Necr           0%         N/A       100%        5
 Arcjolt                  Conj/Air       0%         1d10      100%        5
 Blade Hands              Tmut           0%         N/A       100%        5
 Freezing Cloud           Conj/Ice/Air   0%         6-21      100%        5
 Lee's Rapid Deconstruct  Erth           0%         3d4*      100%        5
 Lightning Bolt           Conj/Air       0%         1d11      100%        5
 Eringya's Noxious Bog    Tmut/Pois      0%         N/A       100%        6
 Iron Shot                Conj/Erth      0%         9d1       100%        6
 Starburst                Conj/Fire      0%         6d3       100%        6
 Statue Form              Tmut/Erth      0%         N/A       100%        6
 Lehudib's Crystal Spear  Conj/Erth      0%         10d2      100%        8
 Call Imp                 Summ           Unusable   N/A       N/A         2
 Tukima's Dance           Hex            Unusable   N/A       N/A         3
 Summon Forest            Summ/Tloc      Unusable   N/A       N/A         5
 Simulacrum               Ice/Necr       Unusable   N/A       N/A         6
 Summon Hydra             Summ           Unusable   N/A       N/A         7

Dungeon Overview and Level Annotations

Branches:
Dungeon (15/15)            Temple (1/1) D:6            Lair (5/5) D:9
  Swamp (4/4) Lair:3       Spider (0/4) Lair:2        Slime (0/5) Lair:5
    Orc (2/2) D:11            Elf (0/3) Orc:2        Vaults (0/5) D:14
 Depths (0/4) D:15          Sewer (visited)          Bailey (visited)
  IceCv (visited)

Altars:
Ashenzari
Cheibriados
Dithmenos
Elyvilon
Fedhas
Gozag
Hepliaklqana
Kikubaaqudgha
Makhleb
Nemelex Xobeh
Okawaru
Qazlal
Ru
Sif Muna
Trog
Uskayaw
Vehumet
Wu Jian
Xom
Yredelemnul
Zin
The Shining One
Jiyva

Shops:
D:10 *   D:15 =   Orc:2 =(((


Innate Abilities, Weirdness & Mutations

You are small and have problems with some larger weapons.
You are completely attuned to the shadows.
You expend magic power (3 MP) to strengthen your wands.


Message History

The swamp dragon completely misses you. x2; The swamp dragon barely misses you.
The swamp worm completely misses you.
The eight-headed hydra completely misses you.
The eight-headed hydra bites you.
* * * LOW HITPOINT WARNING * * *
The eight-headed hydra completely misses you. x4
The eight-headed hydra bites you but does no damage.
The eight-headed hydra misses you.
The fenstrider witch completely misses you.
The fenstrider witch closely misses you.
The fenstrider witch attacks as you move away!
The fenstrider witch misses you.
The fenstrider witch completely misses you.
You enter the shallow water.
Moving in this stuff is going to be slow.
The swamp worm completely misses you.
The spriggan berserker prays to Trog.
The spriggan berserker goes berserk!
The fenstrider witch points at you and mumbles some strange words.
The toxic sludge misses you.
Splash!
You fall into the toxic bog.
Moving in this stuff is going to be slow.
The eight-headed hydra barely misses you.
The eight-headed hydra completely misses you.
The eight-headed hydra misses you.
The eight-headed hydra completely misses you. x2
The eight-headed hydra barely misses you.
The eight-headed hydra completely misses you. x2
You shoot a bolt. The bolt hits the eight-headed hydra!!
You kill the eight-headed hydra!
Okawaru accepts your kill.
You fester in the toxic bog.
You partially resist.
You are poisoned.
You feel sick.
The swamp worm completely misses you. x2
You shoot a bolt. The bolt hits the fenstrider witch!!!
The fenstrider witch is severely wounded.
You fester in the toxic bog!
You partially resist.
You are more poisoned.
You die...

~~ .~ ..#
#. ..
~~♣#♣~.
..
♣[[~.~♣
~.
##4~)~~#
~.
#~.wD§§♣
~.
#♣iH8~~♣
.~
#)w@♣~~)
.~
~~#♣♣♣♣♣#
.~ #. .~


You could see a swamp dragon, a fenstrider witch, a spriggan berserker (berserk,
regenerating, strong-willed), 2 swamp worms and a chaos spawn.

Vanquished Creatures
  Nikola (Swamp:1)
  A tentacled monstrosity (Swamp:1)
  Rupert (Lair:3)
  Gastronok (Lair:2)
  A thorn hunter (Swamp:1)
  A fenstrider witch (Swamp:4)
  Louise (D:14)
  An orc warlord (Orc:2)
  A ghoul (Swamp:4)
  4 reapers
  A juggernaut zombie (D:15)
  2 eleionomae
  2 bunyips
  The ghost of Rafuutu the Cleaver, a journeyman DDFi of Okawaru (Lair:4)
  A deep elf death mage (D:14)
  Josephine (D:11)
  2 shambling mangroves (Swamp:4)
  Fannar (Orc:1)
  4 vault guards (D:14)
  Erolcha (Orc:1)
  2 ghost crabs
  9 hydras
  5 centaur warriors
  6 ogre magi
  A spriggan air mage (Swamp:1)
  The ghost of mopl the Covert, a journeyman OpBr of Dithmenos (D:9)
  4 boulder beetles
  A dancing weapon (Lair:4)
  24 two-headed ogres
  9 alligators
  A tengu warrior (D:14)
  6 death yaks
  3 soul eaters
  2 orc high priests
  Nergalle (Lair:2)
  21 spriggans
  Amaemon (D:8)
  A sixfirhy (Swamp:4)
  12 skeletal warriors
  2 shadow wraiths (D:14)
  5 goliath frogs
  6 swamp dragons
  A flayed ghost (D:14)
  4 spriggan druids
  8 bog bodies
  3 wizards
  4 orc knights
  A phantasmal warrior (D:15)
  8 deep elf pyromancers
  9 necromancers
  The ghost of Voxish the Insei, a novice DgTm (D:7)
  5 deep elf zephyrmancers
  4 cyclopes
  4 orc sorcerers
  2 will-o-the-wisps
  15 ugly things
  2 manticores
  33 elephants
  Joseph (D:9)
  4 spectral centaurs (D:14)
  4 black mambas
  8 cane toads
  An ice statue (IceCv)
  A gargoyle (D:11)
  6 centaur skeletons (D:14)
  4 orange demons
  4 freezing wraiths
  2 rime drakes
  8 komodo dragons
  An ice devil (IceCv)
  An anaconda simulacrum (IceCv)
  A hellwing (Swamp:4)
  2 tormentors (D:14)
  2 harpy zombies (D:14)
  5 trolls
  A wolf spider simulacrum (D:14)
  3 meliai (D:13)
  7 polar bears
  5 tyrant leeches
  2 bloated husks
  Prince Ribbit (D:8)
  15 hornets
  An ettin zombie (D:15)
  A harpy skeleton (D:14)
  10 blink frogs
  A dream sheep (Lair:5)
  A spectral meliai (D:14)
  3 centaur simulacra (D:14)
  7 slime creatures
  A spriggan zombie (D:15)
  3 shadows (D:11)
  Sigmund (D:3)
  A jumping spider (shapeshifter) (D:13)
  4 dire elephant simulacra (IceCv)
  A ynoxinul (D:9)
  46 yaks
  4 wyverns
  A vampire (D:13)
  A steam dragon (D:10)
  9 wraiths
  3 basilisks
  A death yak simulacrum (IceCv)
  A chaos spawn (Swamp:4)
  A neqoxec (Swamp:4)
  14 vampire mosquitoes
  Menkaure (D:4)
  11 swamp worms
  6 wargs
  Edmund (D:4)
  2 acid dragons
  11 water moccasins
  Duvessa (D:4)
  A hydra simulacrum (IceCv)
  32 orc warriors
  A glowing shapeshifter skeleton (D:15)
  3 swamp drakes
  A sky beast (D:6)
  A meliai simulacrum (D:14)
  5 black bears
  2 ice beasts
  A hornet zombie (D:14)
  28 ogres
  3 boggarts (Lair:5)
  13 wolves (Lair:5)
  5 centaurs
  3 kobold brigands
  10 bullfrogs
  2 gnoll sergeants
  A necrophage (D:6)
  5 two-headed ogre simulacra (IceCv)
  4 scorpions (Lair:2)
  9 wights
  A wyvern skeleton (D:7)
  Dowan (D:4)
  3 elephant simulacra (IceCv)
  3 killer bees (D:10)
  An electric eel (Lair:2)
  4 howler monkeys
  A crimson imp (D:10)
  5 centaur zombies
  A jelly (D:5)
  15 orc priests
  A spectral boggart (D:14)
  4 hounds
  An iron imp (D:10)
  6 iguanas
  Natasha (D:3)
  24 orc wizards
  2 polar bear simulacra (IceCv)
  6 hell rats (Lair:2)
  4 troll simulacra (IceCv)
  3 wolf simulacra (IceCv)
  8 spriggan simulacra (IceCv)
  A killer bee zombie (D:7)
  A boggart simulacrum (D:14)
  A howler monkey zombie (D:7)
  Robin (D:4)
  15 gnolls
  19 adders
  4 naga simulacra (IceCv)
  2 shadow imps
  5 white imps (IceCv)
  9 ufetubi
  10 worms
  112 orcs
  15 ball pythons
  3 bats
  16 endoplasms
  9 giant cockroaches
  13 goblins
  3 hobgoblins (D:4)
  6 jackals
  8 quokkas
  8 frilled lizards
  20 kobolds
  9 rats
1009 creatures vanquished.

Vanquished Creatures (others)
  An unseen horror (D:10)
  An orc priest (Orc:2)
  A white imp (D:10)
  3 orcs
  4 foxfires
  14 fungi
  23 plants
  7 withered plants (D:15)
54 creatures vanquished.

Grand Total: 1063 creatures vanquished

Notes
Turn   | Place    | Note
-------+----------+-------------------------------------------
     0 | D:1      | HoaS the Kobold Hunter began the quest for the Orb.
     0 | D:1      | Reached XP level 1. HP: 12/12 MP: 1/1
   130 | D:1      | Reached XP level 2. HP: 11/17 MP: 2/2
   501 | D:1      | Reached XP level 3. HP: 21/21 MP: 3/3
   909 | D:2      | Reached XP level 4. HP: 26/26 MP: 4/4
  1225 | D:2      | Reached XP level 5. HP: 30/30 MP: 5/5
  1837 | D:3      | Found a faded altar of an unknown god.
  1910 | D:3      | Got the Textbook on Hurting
  2033 | D:3      | Reached XP level 6. HP: 35/35 MP: 6/6
  2089 | D:3      | Noticed Sigmund
  2095 | D:3      | Killed Sigmund
  2096 | D:3      | Reached skill level 10 in Ranged Weapons
  2119 | D:3      | Reached XP level 7. HP: 37/40 MP: 7/7
  2249 | D:3      | Found a glowing drain.
  2253 | Sewer    | Entered a sewer
  3024 | D:4      | Noticed Dowan
  3025 | D:4      | Noticed Natasha
  3026 | D:4      | Noticed Duvessa
  3037 | D:3      | Killed Natasha
  3387 | D:4      | Noticed Robin
  3393 | D:4      | Killed Robin
  3479 | D:4      | Noticed Menkaure
  3481 | D:4      | Noticed Edmund
  3642 | D:4      | Killed Dowan
  3652 | D:4      | Killed Duvessa
  3653 | D:4      | Reached XP level 8. HP: 40/44 MP: 8/8
  3666 | D:4      | Found a large runed translucent door.
  3667 | D:4      | Found a large runed translucent door.
  3834 | D:4      | Identified the ring "Asuissu" {rN+ Will- AC+4 Str+2 Dex+5}
  3918 | D:4      | Killed Edmund
  4010 | D:4      | Killed Menkaure
  4026 | D:4      | Found a hide-covered altar of Uskayaw.
  4029 | D:4      | Found a stormy altar of Qazlal.
  4049 | D:5      | Entered Level 5 of the Dungeon
  4245 | D:5      | Noticed a hornet
  4251 | D:5      | Killed a hornet
  4252 | D:5      | Reached XP level 9. HP: 48/48 MP: 9/9
  4803 | D:5      | Reached skill level 15 in Ranged Weapons
  4870 | D:5      | Found a blossoming altar of Fedhas.
  5146 | D:6      | Identified the ring of Altruism {*Corrode Dex+4 Slay+3
                  | SInv}
  5277 | D:6      | Found a staircase to the Ecumenical Temple.
  5287 | Temple   | Entered the Ecumenical Temple
  5460 | Temple   | Became a worshipper of Warmaster Okawaru
  6130 | D:7      | Found a flagged portal.
  6140 | Bailey   | Entered a bailey
  6438 | Bailey   | Reached skill level 1 in Invocations
  6493 | Bailey   | Noticed an orc knight
  6506 | Bailey   | Killed an orc knight
  6506 | Bailey   | Reached * piety under Okawaru
  6507 | Bailey   | Reached skill level 5 in Dodging
  6507 | Bailey   | Reached XP level 10. HP: 50/58 MP: 10/12
  6507 | Bailey   | Noticed an orc knight
  6536 | Bailey   | Killed an orc knight
  6536 | Bailey   | Reached ** piety under Okawaru
  6537 | Bailey   | Reached skill level 5 in Fighting
  6777 | D:7      | Found a runed translucent gate.
  6778 | D:7      | Found a runed translucent gate.
  6779 | D:7      | Found a runed translucent gate.
  6895 | D:7      | Noticed a two-headed ogre
  6910 | D:7      | Killed a two-headed ogre
  7302 | D:7      | Reached *** piety under Okawaru
  7473 | D:7      | Noticed Voxish's ghost (novice DgTm)
  7560 | D:8      | Found a burning altar of Makhleb.
  7561 | D:8      | Found a glowing golden altar of the Shining One.
  7563 | D:8      | Found a snail-covered altar of Cheibriados.
  7566 | D:8      | Found a basalt altar of Yredelemnul.
  7567 | D:8      | Found a shimmering altar of Xom.
  7607 | D:8      | Noticed Amaemon
  7607 | D:8      | Noticed an orange demon
  7616 | D:8      | Killed an orange demon
  7625 | D:8      | Killed Amaemon
  7626 | D:8      | Reached XP level 11. HP: 45/68 MP: 11/13
  7762 | D:8      | Noticed Prince Ribbit
  7765 | D:8      | Killed Prince Ribbit
  8267 | D:8      | Identified the +1 robe of Cothrio {Harm rPois rF- Archmagi}
  8383 | D:9      | Identified the ring "Wogot" {rPois rF+ Int+6}
  8410 | D:9      | Noticed a death yak
  8424 | D:9      | Reached **** piety under Okawaru
  8438 | D:9      | Noticed a death yak
  8439 | D:9      | Killed a death yak
  8440 | D:9      | Reached skill level 10 in Dodging
  8444 | D:9      | Noticed a death yak
  8445 | D:9      | Noticed a death yak
  8478 | D:8      | Killed a death yak
  8480 | D:9      | Noticed a death yak
  8481 | D:9      | Noticed a death yak
  8492 | D:8      | Killed a death yak
  8500 | D:8      | Killed a death yak
  8500 | D:8      | Reached ***** piety under Okawaru
  8501 | D:8      | Reached skill level 10 in Fighting
  8558 | D:8      | Killed a death yak
  8601 | D:8      | Killed a death yak
  8749 | D:9      | Reached XP level 12. HP: 73/79 MP: 14/14
  8808 | D:9      | Noticed Joseph
  8816 | D:9      | Killed Joseph
  8865 | D:9      | Noticed a two-headed ogre
  8872 | D:9      | Killed a two-headed ogre
  8894 | D:9      | Noticed a two-headed ogre
  8897 | D:9      | Killed a two-headed ogre
  8966 | D:9      | Noticed a centaur warrior
  8971 | D:9      | Killed a centaur warrior
  9045 | D:9      | Reached skill level 5 in Invocations
  9131 | D:9      | Noticed a two-headed ogre
  9136 | D:9      | Killed a two-headed ogre
  9136 | D:9      | Received a gift from Okawaru
  9191 | D:9      | Found a runed translucent door.
  9227 | D:9      | Found a sparkling altar of Nemelex Xobeh.
  9389 | D:9      | Found a staircase to the Lair.
  9408 | D:9      | Noticed mopl's ghost (journeyman OpBr)
  9685 | D:7      | Killed Voxish's ghost
  9774 | D:10     | Entered Level 10 of the Dungeon
  9780 | D:10     | Found Zomeo's General Store.
  9819 | D:10     | Noticed a two-headed ogre
  9825 | D:10     | Killed a two-headed ogre
  9988 | D:10     | Reached ****** piety under Okawaru
  9997 | D:10     | Noticed a two-headed ogre
 10017 | D:10     | Killed a two-headed ogre
 10512 | D:10     | Found an opulent altar of Gozag.
 10688 | D:10     | Identified the +4 robe of Tupt {Str+2}
 10953 | Lair:1   | Entered Level 1 of the Lair of Beasts
 10985 | Lair:1   | Found a hide-covered altar of Uskayaw.
 10985 | Lair:1   | Noticed a boulder beetle
 10986 | Lair:1   | Found an ornate altar of the Wu Jian Council.
 10998 | Lair:1   | Killed a boulder beetle
 10998 | Lair:1   | Identified the +7 scale mail of the Disturbing Lies
                  | {Rampage Str+3 Dex-2} (Okawaru gifted it to you on level 1
                  | of the Lair of Beasts)
 10998 | Lair:1   | Received a gift from Okawaru
 10999 | Lair:1   | Reached XP level 13. HP: 87/87 MP: 17/17
 11610 | Lair:1   | Found a basalt altar of Yredelemnul.
 12016 | Lair:2   | Noticed Nergalle
 12021 | Lair:2   | Killed Nergalle
 12116 | Lair:2   | Noticed an eight-headed hydra
 12119 | Lair:2   | Killed an eight-headed hydra
 12208 | Lair:2   | Noticed Gastronok
 12216 | Lair:2   | Killed Gastronok
 12276 | Lair:2   | Found a hole to the Spider Nest.
 12927 | Lair:2   | Received a gift from Okawaru
 13094 | Lair:3   | Noticed Rupert
 13120 | Lair:3   | Killed Rupert
 13121 | Lair:3   | Reached XP level 14. HP: 54/95 MP: 12/19
 13442 | Lair:3   | Reached skill level 15 in Dodging
 13445 | Lair:3   | Received a gift from Okawaru
 13579 | Lair:3   | Found a staircase to the Swamp.
 14380 | Lair:4   | Found a runed translucent door.
 14740 | Lair:4   | Found a shimmering altar of Xom.
 14740 | Lair:4   | Noticed Rafuutu's ghost (journeyman DDFi)
 15129 | D:9      | Killed mopl's ghost
 15137 | D:9      | Got the Lessons on the Mountains
 15256 | Lair:4   | Killed Rafuutu's ghost
 15343 | Lair:5   | Entered Level 5 of the Lair of Beasts
 15405 | Lair:5   | Reached skill level 15 in Fighting
 15428 | Lair:5   | Received a gift from Okawaru
 15677 | Lair:5   | Reached XP level 15. HP: 78/104 MP: 22/22
 15883 | Lair:5   | Found a viscous altar of Jiyva.
 15884 | Lair:5   | Found a staircase to the Slime Pits.
 16128 | Lair:5   | Identified the +4 cloak of Insatiable Hunger {rC+ Stlth+}
                  | (Okawaru gifted it to you on level 5 of the Lair of Beasts)
 16128 | Lair:5   | Received a gift from Okawaru
 16744 | D:10     | Bought a scroll of identify for 28 gold pieces
 16952 | D:11     | Found a staircase to the Orcish Mines.
 17545 | D:11     | Identified the +3 short sword of Havoc {freeze, rPois Will+
                  | SInv Stlth+}
 18289 | Orc:1    | Entered Level 1 of the Orcish Mines
 18289 | Orc:1    | Noticed Josephine
 18307 | D:11     | Killed Josephine
 18317 | Orc:1    | Noticed Erolcha
 18580 | Orc:1    | Killed Erolcha
 18633 | Orc:1    | Found a frozen archway.
 18640 | IceCv    | Entered an ice cave
 19119 | IceCv    | Noticed a reaper
 19134 | IceCv    | Killed a reaper
 19134 | IceCv    | Identified the +0 scale mail "Maelesawk" {rF+ rC+ Dex+2
                  | Slay-4} (Okawaru gifted it to you in an ice cave)
 19134 | IceCv    | Received a gift from Okawaru
 19671 | Orc:2    | Entered Level 2 of the Orcish Mines
 19764 | Orc:1    | Reached XP level 16. HP: 95/114 MP: 23/23
 20093 | Orc:2    | Found Cesep's Jewellery Boutique.
 20093 | Orc:2    | Found Osigaet's Antique Weapon Emporium.
 20094 | Orc:2    | Found Niezisko's Antique Weapon Emporium.
 20094 | Orc:2    | Found Cohor's Weapon Shop.
 20098 | Orc:2    | Bought the amulet "Oclal" {Acrobat rC+ Dex+4} for 733 gold
                  | pieces
 20340 | Orc:2    | Found a staircase to the Elven Halls.
 20695 | Orc:1    | Noticed Fannar
 20702 | Orc:2    | Paralysed by an orc sorcerer for 2 turns
 20708 | Orc:2    | Gained mutation: You expend magic power (3 MP) to
                  | strengthen your wands. [a neqoxec]
 20740 | Orc:1    | Killed Fannar
 20793 | Orc:1    | You fall into a shaft and drop 1 floor!
 21061 | D:13     | Identified the +6 shortbow "Plog" {drain, rElec}
 21118 | D:13     | Identified the +3 ring mail "Sahemipt" {rC+ Regen+ Dex+4}
                  | (Okawaru gifted it to you on level 13 of the Dungeon)
 21118 | D:13     | Received a gift from Okawaru
 21159 | D:13     | Reached skill level 1 in Armour
 21719 | D:14     | Reached skill level 5 in Armour
 21725 | D:14     | Identified the +4 tower shield "Vuanateo" {rPois rF+++
                  | Will- Regen+}
 21725 | D:14     | Noticed Louise
 21783 | D:14     | Killed Louise
 21800 | D:14     | Found a gate to the Vaults.
 21804 | D:14     | Reached XP level 17. HP: 120/120 MP: 24/24
 21813 | D:14     | Found a flickering gateway to a bazaar.
 21821 | Bazaar   | Entered a bazaar
 21831 | Bazaar   | Found Joviloss's Book Shop.
 21831 | Bazaar   | Found Oshrerao's Jewellery Boutique.
 22036 | D:14     | Found an ancient bone altar of Kikubaaqudgha.
 22217 | D:14     | Received a gift from Okawaru
 22743 | D:14     | Identified the ring "Deukko Uliu" {rCorr SInv Stlth+}
 22872 | D:15     | Entered Level 15 of the Dungeon
 23235 | D:15     | Found Plog's Jewellery Emporium.
 23258 | D:15     | Found a staircase to the Depths.
 23821 | Swamp:1  | Entered Level 1 of the Swamp
 23821 | Swamp:1  | Noticed a thorn hunter
 23828 | Swamp:1  | Killed a thorn hunter
 23846 | Swamp:1  | Noticed Nikola
 23854 | Swamp:1  | Killed Nikola
 23855 | Swamp:1  | Reached XP level 18. HP: 128/128 MP: 25/25
 23928 | Swamp:1  | Noticed a tentacled monstrosity
 23934 | Swamp:1  | Killed a tentacled monstrosity
 23934 | Swamp:1  | Received a gift from Okawaru
 24333 | Swamp:2  | Reached skill level 10 in Armour
 25173 | Swamp:3  | Identified the +2 pair of boots "Tinol" {Harm *Corrode
                  | rPois rF-} (Okawaru gifted it to you on level 3 of the
                  | Swamp)
 25173 | Swamp:3  | Received a gift from Okawaru
 25385 | Swamp:4  | Entered Level 4 of the Swamp
 25655 | Swamp:4  | Paralysed by a fenstrider witch for 3 turns
 25663 | Swamp:4  | Succumbed to poison

Illustrated notes

Levels and vault maps discovered:
D:1:      giann_horns, layout_rooms, minmay_crystal_room, minmay_crystal_water,
          nrook_campfire, bh_walls_and_bars
D:2:      layout_basic, kennysheep_boxes
D:3:      layout_basic, gup_sewer_entry_spiral,
          hellmonk_ecumenical_altar_run_dry, minmay_misc_feat_columns,
          uniq_sigmund
D:4:      layout_basic, jmf_multi_god_temple2, minmay_misc_feat_diagonals,
          minmay_quantized, uniq_duvessa, uniq_natasha, uniq_menkaure,
          uniq_robin, uniq_edmund
D:5:      layout_gridville, fedhas_ov_isle_minmay, hangedman_decor_growths
D:6:      layout_basic, minmay_temple_entry_slanted, minmay_manual_moon
D:7:      layout_loops_cross, enter_bailey_5, gammafunk_ghost_necromancy
D:8:      layout_cave_pods, grunt_temple_overflow_open, amethyst_killhole,
          eino_small_chamber_without_monster, uniq_prince_ribbit1, uniq_amaemon
D:9:      hangedman_cross_stitches, layout_irregular_city,
          mainiacjoe_overflow_24_doors, dpeg_lair_monsters,
          hellmonk_ghost_big_iron, uniq_joseph
D:10:     layout_loops_cross, lemuel_coloured_pillars_altar, serial_shops, shop,
          hangedman_abyss_or_decor_lesser_grid, hangedman_minor_magic
D:11:     layout_long_grid, david_orc_5, grunt_ministairs_8,
          lightli_fourway_metalbox
D:12:     layout_big_octagon, serial_park, serial_park_square1
          [serial_park_minivault_5x5_7], serial_park_tiny_1, serial_park_tiny_1,
          serial_park_gazebo [serial_park_minivault_5x5_2]
D:13:     layout_roguey, corexii_hall_statues_deadend
D:14:     evilmike_negative_zone, layout_basic,
          lightli_vaults_fourway_checkpoint, serial_shops, bzr_in_the_mist,
          uniq_louise
D:15:     gammafunk_depths_entry_grave, layout_basic,
          chequers_serial_rivers_micro_c, minmay_shop_enchanted_jewellery
Temple:   nicolae_temple_hex_pool
Lair:1:   layout_chaotic_city, basic_altar, nzn_masters_of_martial_movement,
          grunt_megastairs_5
Lair:2:   layout_cave_pods, nicolae_spider_entry_non_spiders,
          serial_bayou_shore_a, uniq_gastronok, uniq_nergalle
Lair:3:   layout_loops_ring, skrybe_swamp_entry_bodies, gauntlet_entry_generic,
          uniq_rupert
Lair:4:   layout_regular_city, ebering_ghost_xom, lemuel_old_faithful
Lair:5:   minmay_lair_end_enchanted_forest, layout_hall_layers, slime_entry_1,
          serial_bayou_pond_e, serial_bayou_ford_a, st_stairs_5,
          chequers_serial_rivers_marsh
Swamp:1:  layout_falls_marsh, nicolae_swamp_little_swirl,
          infiniplex_staircase_pool, uniq_nikola
Swamp:2:  layout_basic_swamp, nicolae_swamp_decorative_isthmus
Swamp:3:  layout_basic_swamp, hangedman_swamp_ruin_wall
Swamp:4:  nzn_swamp_witches_coven, layout_basic_swamp,
          infiniplex_staircase_pool_2
Orc:1:    layout_caves, portal_ice_cave_entry_pillars_2, uniq_erolcha,
          uniq_josephine, uniq_fannar
Orc:2:    st_orc_ogre_mass, layout_caves, basic_altar, elves_outpost_lemuel

Skill      XL: |  1  2  3  4  5  6  7  8  9 10 11 12 13 14 15 16 17 18 |
---------------+-------------------------------------------------------+-----
Ranged Weapons | 6 7 9 10 12 14 16 18 20 | 20.8
Dodging        | 5 8 11 13 14 16 17 18 19 20 | 20.4
Fighting       | 4 8 10 12 13 15 17 18 19 20 | 20.0
Invocations    | 2 3 6 7 9 |  9.5
Armour         | 7 8 12 | 12.1
Stealth        | |  1.3

Action                   |  1- 3 |  4- 6 |  7- 9 | 10-12 | 13-15 | 16-18 || total
-------------------------+-------+-------+-------+-------+-------+-------++-------
Melee: Shortbow          |       |       |       |    11 |       |       ||    11
 Fire: Shortbow          |    55 |    96 |   331 |   452 |       |       ||   934
       Arbalest          |       |       |       |    19 |   974 |   943 ||  1936
Invok: Heroism           |       |       |       |     3 |     4 |     6 ||    13
       Finesse           |       |       |       |     1 |     4 |     5 ||    10
  Use: Scroll            |     3 |     6 |     7 |     9 |     7 |    12 ||    44
       Potion            |       |       |     1 |     5 |     1 |     7 ||    14
Armor: Leather armour    |     1 |    11 |    34 |    68 |       |       ||   114
       Acid dragon scale |       |       |       |     1 |   149 |       ||   150
       Troll leather arm |       |       |       |       |    21 |    48 ||    69
       Ring mail         |       |       |       |       |       |    72 ||    72
Dodge: Dodged            |     8 |    48 |    86 |   392 |  1256 |  1012 ||  2802

Table legend: (Time is in decaauts)
 A = Elapsed time spent in this place.
 B = Non-inter-level travel time spent in this place.
 C = Inter-level travel time spent in this place.
 D = Time resting spent in this place.
 E = Time spent auto-exploring this place.
 F = Levels seen in this place.
 G = Mean time per level.
                   A        B        C        D        E       F      G
               +--------+--------+--------+--------+--------+-----+--------+
         Total |  25839 |  24005 |   1834 |   2378 |  16760 |  31 |  833.5 |
       Dungeon |  14296 |  13076 |   1220 |   1038 |   9565 |  15 |  953.1 |
        Temple |    194 |    152 |     42 |      0 |    141 |   1 |  194.0 |
          Lair |   5836 |   5446 |    390 |    651 |   3913 |   5 | 1167.2 |
         Swamp |   2038 |   1977 |     61 |    186 |   1327 |   4 |  509.5 |
  Orcish Mines |   1510 |   1389 |    121 |     56 |    931 |   2 |  755.0 |
        Bazaar |     34 |     34 |      0 |      0 |     18 |   1 |   34.0 |
         Sewer |    404 |    404 |      0 |    100 |    198 |   1 |  404.0 |
        Bailey |    603 |    603 |      0 |    327 |    122 |   1 |  603.0 |
      Ice Cave |    919 |    919 |      0 |     19 |    544 |   1 |  919.0 |
               +--------+--------+--------+--------+--------+-----+--------+

Top non-repeatable levels by time:
  Lair:2: 1494 daAuts
  Lair:5: 1334 daAuts
    D:11: 1279 daAuts
     D:9: 1204 daAuts
    D:14: 1170 daAuts
     D:2: 1159 daAuts
    D:10: 1154 daAuts
  Lair:4: 1147 daAuts
     D:3: 1051 daAuts
     D:8: 1025 daAuts
   Orc:2: 980 daAuts
  Lair:1: 971 daAuts
     D:4: 969 daAuts
   IceCv: 919 daAuts
     D:6: 898 daAuts
